 Dungeon Crawl Stone Soup version 0.21.0-3-g78d12a8 (webtiles) character file.

41365 Inchmeat the Impaler (level 14, -1/120 HPs)
             Began as a Merfolk Skald on Jan 16, 2018.
             Was the Champion of Okawaru.
             Slain by a cyan ugly thing (15 damage)
             ... on level 12 of the Dungeon.
             The game lasted 01:12:34 (33825 turns).

Inchmeat the Impaler (Merfolk Skald)               Turns: 33825, Time: 01:12:36

Health: -1/120     AC:  1    Str: 14    XL:     14   Next: 15%
Magic:  10/20      EV: 17    Int: 15    God:    Okawaru [******]
Gold:   1156       SH:  0    Dex: 13    Spells: 8/17 levels left

rFire    . . .     SeeInvis .   y - +1 bardiche (freeze)
rCold    + . .     Gourm    .   (shield currently unavailable)
rNeg     . . .     Faith    +   (no armour)
rPois    .         Spirit   .   I - +0 helmet
rElec    .         Reflect  .   b - scarf {cloud immunity}
rCorr    .         Harm     .   (no gloves)
MR       +....                  (no boots)
Stlth    ++++......             E - amulet of faith
HPRegen  0.30/turn              r - +6 ring of slaying
MPRegen  0.17/turn              i - ring of protection from cold

@: heroism, finesse, very slightly contaminated
A: change form in water, swift swim, stealthy swim
a: Heroism, Finesse, Renounce Religion


You were on level 12 of the Dungeon.
You worshipped Okawaru.
Okawaru was exalted by your worship.
You were not hungry.

You visited 3 branches of the dungeon, and saw 18 of its levels.
You also visited: Sewer and Ice Cave.

You collected 1156 gold pieces.

Inventory:

Hand Weapons
 e - a +0 glaive of freezing
 f - a +2 glaive of venom
 y - a +1 bardiche of freezing (weapon)
 K - a +3 hand crossbow of flaming
Missiles
 o - 6 javelins of penetration (quivered)
 A - 12 tomahawks of returning
Armour
 b - a scarf of cloud immunity (worn)
 n - the +7 chain mail "Liapia" {rF+ Dex+3 Slay+2}
   (You acquired it in an ice cave)

   It affects your dexterity (+3).
   It affects your accuracy and damage with ranged weapons and melee attacks
   (+2).
   It protects you from fire.
 F - a +1 cloak
 H - the -6 shield "Weedets" {Str+2, unknown}
   (Okawaru gifted it to you on level 10 of the Dungeon)

   It affects your strength (+2).
 I - a +0 helmet (worn)
Jewellery
 i - a ring of protection from cold (right hand)
 l - an uncursed amulet of magic regeneration
 r - a +6 ring of slaying (left hand)
 D - an uncursed ring of positive energy
 E - an amulet of faith (around neck)
Wands
 s - a wand of enslavement (15)
 w - a wand of digging (20)
Scrolls
 a - 2 scrolls of brand weapon
 g - 2 scrolls of enchant armour
 h - 5 scrolls of remove curse {@r2}
 j - 6 scrolls of immolation
 v - 2 scrolls of fog
 C - a scroll of amnesia
 Q - 3 scrolls of magic mapping
Potions
 k - 3 potions of brilliance
 m - 4 potions of flight
 z - 3 potions of cancellation
 B - 4 potions of mutation {!q}
 J - 3 potions of magic
 O - 2 potions of lignification
Books
 c - a book of Battle

   Spells                             Type                      Level
   a - Infusion                       Charms                       1
   b - Shroud of Golubria             Charms/Translocation         2
   c - Song of Slaying                Charms                       2
   d - Spectral Weapon                Hexes/Charms                 3
   e - Regeneration                   Charms/Necromancy            3
 p - a book of Conjurations

   Spells                             Type                      Level
   a - Magic Dart                     Conjuration                  1
   b - Searing Ray                    Conjuration                  2
   c - Dazzling Spray                 Conjuration/Hexes            3
   d - Fulminant Prism                Conjuration/Hexes            4
   e - Force Lance                    Conjuration/Translocation    4
   f - Iskenderun's Mystic Blast      Conjuration                  4
 t - a book of the Earth

   Spells                             Type                      Level
   a - Leda's Liquefaction            Hexes/Earth                  4
   b - Bolt of Magma                  Conjuration/Fire/Earth       5
   c - Statue Form                    Transmutation/Earth          6
   d - Iron Shot                      Conjuration/Earth            6
   e - Shatter                        Earth                        9
 u - a book of Geomancy

   Spells                             Type                      Level
   a - Sandblast                      Earth                        1
   b - Passwall                       Transmutation/Earth          2
   c - Stone Arrow                    Conjuration/Earth            3
   d - Petrify                        Transmutation/Earth          4
   e - Lee's Rapid Deconstruction     Earth                        5
Miscellaneous
 P - a lightning rod (4/4)
Comestibles
 d - 17 rations
 x - 7 chunks of flesh


   Skills:
 - Level 14.1(19.1) Fighting
 + Level 20.0(25.0) Polearms
 - Level 0.6(5.6) Armour
 - Level 3.1(8.1) Dodging
 - Level 5.0(10.0) Stealth
 - Level 2.0 Spellcasting
 - Level 5.9 Hexes
 - Level 9.3 Charms
 * Level 8.6 Invocations


You had 8 spell levels left.
You knew the following spells:

 Your Spells              Type           Power        Failure   Level  Hunger
a - Infusion              Chrm           ####         1%          1    #......
b - Spectral Weapon       Hex/Chrm       ###.....     2%          3    ###....
c - Shroud of Golubria    Chrm/Tloc      ###.......   4%          2    ###....
d - Regeneration          Chrm/Necr      ###.......   10%         3    ###....


Dungeon Overview and Level Annotations

Branches:
Dungeon (12/15)            Temple (0/1) D:5            Lair (5/6) D:9
 Shoals (0/4) Lair:4       Spider (0/4) Lair:4          Orc (1/2) D:11
  Slime: Lair:5-6

Altars:
Ashenzari
Dithmenos
Fedhas
Gozag
Hepliaklqana
Kikubaaqudgha
Makhleb
Okawaru
Qazlal
Trog
Vehumet
Wu Jian
Zin
The Shining One

Shops:
D:5 =

Annotations:
Orc:1 Erica


Message History

Aim: a cyan ugly thin' Ye reach ta attack!
Ye closely miss tha cyan ugly thin'.
Evoke which item? (* ta show all) (? fer menu, 'sc ta quit) Attack whom?
Press: ? - help, Dir - move target cursor, f/p - cyan ugly thin'
Aim: a cyan ugly thin' Ye could na reach far enough!
Ye closely miss tha cyan ugly thin'.
Yer spectral weapon hits tha cyan ugly thin'!!
Yer spectral weapon freezes tha cyan ugly thin'.
Ye slash tha cyan ugly thin'!
Ye freeze tha cyan ugly thin'.
Tha cyan ugly thin' be heavily wounded.
Yer spectral weapon misses tha cyan ugly thin'.
Ye slash tha cyan ugly thin'!
Ye freeze tha cyan ugly thin'.
Tha cyan ugly thin' be severely wounded.
Yer spectral weapon barely misses tha cyan ugly thin'.
Tha cyan ugly thin' gores ye!
* * * LOW HITPOINT WARNIN'
* * * Tha cyan ugly thin' shocks ye!
Ye die...

#...#......#.............#.
#...#........#...........#.
#............#.#...........
###....#.....#.....#.......
#..............###.##...#
#....................(..#
#..............#........#
####......###.........####
#........@# ##.≈≈.....#...
#........u# ##≈≈≈≈......).
#.......(.###≈≈≈≈≈≈#......
#..........###≈≈≈≈##......
########......##≈u.........
#......#......#.......#...#
#.............#.......#....
#.............#............
#......>...................


You could see a cyan ugly thing and a friendly spectral bardiche of freezing.

Vanquished Creatures
  Erolcha (D:10)
  A hydra (Lair:4)
  A centaur warrior (D:12)
  4 two-headed ogres
  Urug (D:12)
  2 fire crabs (Lair:3)
  A flayed ghost (D:12)
  Pikel (D:5)
  A necromancer (IceCv)
  An ugly thing (D:11)
  3 cyclopes
  A manticore (D:12)
  6 elephants
  2 centaur skeletons (D:12)
  5 spiny frogs
  A molten gargoyle (Lair:3)
  3 black mambas
  4 ice statues (IceCv)
  2 komodo dragons
  A rime drake (Lair:3)
  8 ice devils (IceCv)
  A polar bear (Lair:2)
  3 trolls
  Grinder (D:2)
  Prince Ribbit (Lair:3)
  A queen bee (Lair:2)
  4 slime creatures (D:12)
  3 hippogriffs
  A snapping turtle (Lair:4)
  8 blink frogs
  Sigmund (D:5)
  2 shadows (D:12)
  30 yaks
  5 wyverns
  2 wraiths
  3 basilisks
  A steam dragon (D:10)
  2 hungry ghosts (D:11)
  A soldier ant (D:12)
  An acid dragon (D:9)
  10 water moccasins
  8 orc warriors
  4 porcupines
  4 slaves
  An eye of draining (D:12)
  2 ice beasts
  3 phantoms
  4 sky beasts
  6 wolves (Lair:3)
  A black bear (D:9)
  A hornet zombie (D:11)
  6 ogres
  3 centaurs
  8 crocodiles
  Blork the orc (D:4)
  3 big kobolds
  A wyvern zombie (D:9)
  18 bullfrogs
  A water moccasin zombie (D:8)
  7 scorpions
  30 killer bees
  2 howler monkeys
  3 wights (D:11)
  2 centaur zombies
  4 bullfrog zombies
  4 crimson imps
  A draconian simulacrum (IceCv)
  A quasit (D:7)
  A gnoll shaman (D:6)
  8 jellies
  6 orc priests
  5 hounds
  A bullfrog skeleton (D:11)
  18 orc wizards
  2 iguanas
  17 worker ants
  3 troll simulacra (IceCv)
  6 ogre zombies (D:11)
  3 centaur simulacra (IceCv)
  A hound zombie (D:11)
  A hound skeleton (D:4)
  2 worker ant zombies
  11 gnolls
  10 adders
  A howler monkey skeleton (D:5)
  4 river rats (Sewer)
  3 naga simulacra (IceCv)
  12 white imps (D:11)
  9 oozes
  An adder skeleton (D:3)
  An adder zombie (D:6)
  11 worms
  5 dart slugs
  4 leopard geckos
  56 orcs
  5 ball pythons
  9 giant cockroaches
  7 goblins
  7 hobgoblins
  4 jackals (D:6)
  34 kobolds
  9 quokkas
  2 ball python skeletons (D:4)
  12 bats
  6 frilled lizards
  7 goblin zombies (D:11)
  A hobgoblin skeleton (D:11)
  4 hobgoblin zombies (D:11)
  A leopard gecko skeleton (D:4)
  A leopard gecko zombie (D:5)
  7 orc zombies (D:11)
  A quokka skeleton (D:6)
  2 quokka zombies
  29 rats
  A bush (D:5)
  A fungus (D:9)
612 creatures vanquished.

Vanquished Creatures (others)
  A wizard (D:9)
  6 fungi (Lair:3)
  3 plants (Lair:3)
10 creatures vanquished.

Grand Total: 622 creatures vanquished

Notes
Turn   | Place    | Note
-------+----------+-------------------------------------------
     0 | D:1      | Inchmeat the Merfolk Skald began the quest for the Orb.
     0 | D:1      | Reached XP level 1. HP: 16/16 MP: 3/3
    93 | D:1      | Reached skill level 1 in Stealth
   231 | D:1      | Reached XP level 2. HP: 21/22 MP: 5/5
   413 | D:1      | Reached skill level 4 in Polearms
   424 | D:1      | Reached XP level 3. HP: 16/27 MP: 6/6
  1166 | D:2      | Found a faded altar of an unknown god.
  1409 | D:2      | Reached XP level 4. HP: 11/33 MP: 3/7
  1496 | D:2      | Reached skill level 5 in Polearms
  1885 | D:2      | Reached XP level 5. HP: 15/38 MP: 2/8
  2173 | D:2      | Found a hazy altar of Hepliaklqana.
  2176 | D:2      | Found an iron altar of Okawaru.
  2355 | D:2      | Became a worshipper of Warmaster Okawaru
  2595 | D:3      | Noticed Grinder
  2643 | D:3      | Found a glowing drain.
  2692 | D:3      | Reached skill level 6 in Polearms
  2733 | Sewer    | Entered a sewer
  3125 | Sewer    | Reached XP level 6. HP: 16/44 MP: 1/9
  3926 | Sewer    | Reached skill level 5 in Stealth
  4376 | Sewer    | Reached skill level 7 in Polearms
  5258 | D:3      | Learned a level 3 spell: Spectral Weapon
  5261 | D:3      | Learned a level 2 spell: Shroud of Golubria
  5265 | D:3      | Learned a level 3 spell: Regeneration
  5315 | D:3      | Found a burning altar of Makhleb.
  5477 | D:2      | Killed Grinder
  5477 | D:2      | Reached * piety under Okawaru
  5477 | D:2      | Reached skill level 9 in Polearms
  5477 | D:2      | Reached XP level 7. HP: 41/50 MP: 10/10
  5954 | D:4      | Noticed Blork the orc
  5968 | D:4      | Killed Blork the orc
  5968 | D:4      | Reached skill level 10 in Polearms
  6975 | D:5      | Entered Level 5 of the Dungeon
  7057 | D:5      | Reached skill level 11 in Polearms
  7057 | D:5      | Reached XP level 8. HP: 28/56 MP: 9/11
  7219 | D:5      | Noticed Pikel
  7842 | D:5      | Killed Pikel
  7842 | D:5      | Reached ** piety under Okawaru
  7842 | D:5      | Reached skill level 13 in Polearms
  8140 | D:5      | Found Jiefuaw's Jewellery Emporium.
  8151 | D:5      | Found a staircase to the Ecumenical Temple.
  8215 | D:5      | Noticed Sigmund
  8221 | D:5      | Killed Sigmund
  8221 | D:5      | Reached skill level 1 in Invocations
  8821 | D:5      | Reached XP level 9. HP: 53/65 MP: 9/12
  9422 | D:6      | Reached skill level 5 in Fighting
  9805 | D:6      | Reached *** piety under Okawaru
  9821 | D:6      | Found a shattered altar of Ashenzari.
  9852 | D:6      | Found an opulent altar of Gozag.
  9854 | D:6      | Found a glowing golden altar of the Shining One.
 10284 | D:6      | Found a stormy altar of Qazlal.
 10286 | D:6      | Found an ancient bone altar of Kikubaaqudgha.
 10288 | D:6      | Found a blossoming altar of Fedhas.
 10289 | D:6      | Found a shadowy altar of Dithmenos.
 10880 | D:7      | Found a glowing silver altar of Zin.
 10899 | D:7      | Reached **** piety under Okawaru
 11039 | D:7      | Reached skill level 14 in Polearms
 11039 | D:7      | Reached XP level 10. HP: 60/82 MP: 13/13
 11796 | D:8      | Noticed a two-headed ogre
 11806 | D:8      | Killed a two-headed ogre
 12186 | D:8      | Reached skill level 10 in Fighting
 12260 | D:8      | Reached ***** piety under Okawaru
 12413 | D:8      | Found an ornate altar of the Wu Jian Council.
 13610 | D:9      | Found a radiant altar of Vehumet.
 13697 | D:9      | Reached skill level 15 in Polearms
 14076 | D:9      | Received a gift from Okawaru
 14265 | D:9      | Found a bloodstained altar of Trog.
 14266 | D:9      | Noticed a wizard
 14272 | D:9      | Killed a wizard
 14747 | D:9      | Reached XP level 11. HP: 42/95 MP: 14/14
 14829 | D:9      | Noticed a two-headed ogre
 14857 | D:9      | Killed a two-headed ogre
 15337 | D:9      | Found a staircase to the Lair.
 15680 | D:10     | Entered Level 10 of the Dungeon
 15681 | D:10     | Found a bloodstained altar of Trog.
 16230 | D:10     | Noticed Erolcha
 16336 | D:10     | Reached skill level 16 in Polearms
 16622 | D:10     | Killed Erolcha
 16881 | D:10     | Received a gift from Okawaru
 16882 | D:10     | Got a translucent shield {god gift}
 17424 | D:11     | Noticed a brown ugly thing
 17616 | D:11     | Killed a brown ugly thing
 17672 | D:11     | Noticed a cyclops
 17762 | D:11     | Found a staircase to the Orcish Mines.
 17869 | D:11     | Found a frozen archway.
 17899 | D:11     | Noticed a cyclops
 17977 | IceCv    | Entered an ice cave
 18719 | IceCv    | Reached XP level 12. HP: 107/107 MP: 15/15
 18777 | IceCv    | Reached skill level 5 in Charms
 20555 | IceCv    | Got a polished long sword
 20557 | IceCv    | Got a smoking whip
 20562 | IceCv    | Got a crude mace
 20650 | IceCv    | Identified a scroll of acquirement
 20651 | IceCv    | Got an ancient chain mail
 20662 | IceCv    | Identified the +7 chain mail "Liapia" {rF+ Dex+3 Slay+2} (You acquired it in an ice cave)
 21266 | Lair:1   | Entered Level 1 of the Lair of Beasts
 21292 | Lair:1   | Reached skill level 1 in Hexes
 21691 | Lair:1   | Identified the +4 mace "Waong" {flame, +Rage} (You found it in an ice cave)
 21693 | Lair:1   | Identified the cursed +3 long sword of the Shining Light {drain, Int+2} (You found it in an ice cave)
 21695 | Lair:1   | Identified the +6 whip of Nesoelol {slash, +Rage rC+ Int+3} (You found it in an ice cave)
 21835 | Lair:1   | Received a gift from Okawaru
 22541 | Lair:2   | Reached skill level 17 in Polearms
 23583 | Lair:2   | Reached skill level 18 in Polearms
 23583 | Lair:2   | Reached XP level 13. HP: 102/113 MP: 16/16
 24662 | Lair:2   | Found an ancient bone altar of Kikubaaqudgha.
 25389 | Lair:3   | Reached skill level 19 in Polearms
 26107 | Lair:3   | Received a gift from Okawaru
 26194 | Lair:3   | Noticed Prince Ribbit
 26796 | Lair:3   | Killed Prince Ribbit
 26839 | Lair:3   | Found a runed door.
 27082 | Lair:3   | Noticed an entropy weaver
 27294 | Lair:4   | Reached skill level 20 in Polearms
 27374 | Lair:4   | Found a staircase to the Shoals.
 27512 | Lair:4   | Found a hole to the Spider Nest.
 27531 | Lair:4   | Reached skill level 5 in Hexes
 28647 | Lair:3   | Noticed an entropy weaver
 29709 | D:11     | Reached ****** piety under Okawaru
 31019 | Orc:1    | Entered Level 1 of the Orcish Mines
 31681 | Orc:1    | Noticed Erica
 32707 | D:12     | Noticed Urug
 32730 | D:12     | Killed Urug
 32730 | D:12     | Reached skill level 5 in Invocations
 33348 | D:12     | Reached XP level 14. HP: 118/120 MP: 17/19
 33748 | D:12     | Received a gift from Okawaru
 33825 | D:12     | Slain by a cyan ugly thing

Skill      XL: |  1  2  3  4  5  6  7  8  9 10 11 12 13 14 |
---------------+-------------------------------------------+-----
Stealth        | 1 2 3 4 5 |  5.0
Polearms       | 4 5 6 9 11 13 14 15 16 18 20 | 20.0
Fighting       | 4 8 11 14 | 14.1
Invocations    | 2 3 6 8 |  8.6
Dodging        | 3 |  3.1
Charms         | 4 7 9 |  9.3
Hexes          | 4 5 |  5.9
Armour         | |  0.6
Spellcasting   | |  2.0

Action                   |  1- 3 |  4- 6 |  7- 9 | 10-12 | 13-15 || total
-------------------------+-------+-------+-------+-------+-------++-------
Melee: Spear             |   134 |   353 |   499 |       |       ||   986
       Tailslap          |       |    11 |       |       |     2 ||    13
       Unarmed           |       |    13 |       |       |       ||    13
       Halberd           |       |       |   114 |   618 |       ||   732
       Glaive            |       |       |       |   203 |   510 ||   713
       Bardiche          |       |       |       |       |     9 ||     9
Throw: Javelin           |       |     6 |     3 |       |     1 ||    10
 Cast: Infusion          |     5 |    28 |    31 |    16 |     4 ||    84
       Shroud of Golubri |       |       |       |     1 |       ||     1
       Spectral Weapon   |       |       |       |     3 |     1 ||     4
       Regeneration      |       |       |       |       |     1 ||     1
Invok: Heroism           |       |       |     1 |     7 |     5 ||    13
       Finesse           |       |       |       |       |     2 ||     2
Evoke: Wand              |       |       |     7 |    14 |     5 ||    26
       Lightning rod     |       |       |       |     5 |     1 ||     6
  Use: Potion            |       |     7 |     1 |    11 |     7 ||    26
       Scroll            |       |     3 |    15 |    12 |    14 ||    44
 Stab: Sleeping          |     2 |     4 |    11 |    15 |       ||    32
       Distracted        |       |     1 |       |       |       ||     1
  Eat: Chunk             |     2 |    12 |    13 |    24 |    10 ||    61
       Ration            |       |       |     2 |     6 |     7 ||    15
Armor: Leather armour    |     6 |       |       |       |       ||     6
       Ring mail         |    18 |    61 |    70 |   128 |       ||   277
       Skin              |       |    25 |       |     2 |       ||    27
       Chain mail        |       |       |       |   117 |   286 ||   403
Dodge: Dodged            |    65 |   166 |   151 |   287 |   175 ||   844
